 Dungeon Crawl Stone Soup version 0.13-a0-2519-g3c5fe84 (webtiles) character file.

42 Rycklaryybbe the Digger (level 2, 0/15 HPs)
             Began as a Gargoyle Earth Elementalist on July 24, 2013.
             Slain by a goblin (1 damage)
             ... on Level 1 of the Dungeon.
             The game lasted 00:01:20 (268 turns).

Rycklaryybbe the Digger (GrEE)                       Turns: 268, Time: 00:01:20

HP   0/15        AC  7     Str 11      XL: 2   Next:  4%
MP   0/4         EV 12     Int 15      God:
Gold 35          SH  0     Dex 10      Spells:  1 memorised,  2 levels left

Res.Fire  : . . .   See Invis. : .   e - +0 club
Res.Cold  : . . .   Warding    : .   c - +0 robe
Life Prot.: + . .   Conserve   : .   (no shield)
Res.Poison: +       Res.Corr.  : .   (no helmet)
Res.Elec. : +       Clarity    : .   (no cloak)
Sust.Abil.: . .     Spirit.Shd : .   (no gloves)
Res.Mut.  : .       Stasis     : .   (no boots)
Res.Rott. : +       Flight     : .   (no amulet)
Saprovore : . . .                    (no ring)
                                     (no ring)

@: very slightly contaminated, not resistant to hostile enchantments, fairly
stealthy
A: fangs 1, talons 2, life protection 1, electricity resistance, slow metabolism
1, unbreathing, petrification resistance, AC +5
a: no special abilities


You were on level 1 of the Dungeon.
You were not hungry.

You visited 1 branch of the dungeon, and saw 1 of its levels.

You collected 15 gold pieces.

Inventory:

Hand weapons
 e - a +0,+0 club (weapon)
Missiles
 b - 42 stones (quivered)
Armour
 c - a +0 robe (worn)
Comestibles
 a - a bread ration
 f - a snozzcumber
 g - a rotting chunk of giant newt flesh
Scrolls
 h - a scroll of teleportation {unknown}
 i - a scroll of amnesia {unknown}
 k - a scroll of identify {unknown}
Potions
 j - a potion of curing {unknown}
Books
 d - a book of Geomancy

   Spells                             Type                      Level
   *Sandblast                         Earth                        1
   Stoneskin                          Transmutation/Earth          2
   Passwall                           Transmutation/Earth          3
   Stone Arrow                        Conjuration/Earth            3
   Petrify                            Transmutation/Earth          4
   Lee's Rapid Deconstruction         Earth                        5


   Skills:
 - Level 1.5 Dodging
 - Level 2.1 Stealth
 - Level 1.0 Spellcasting
   Level 0.7 Transmutations
 + Level 4.7 Earth Magic


You had 2 spell levels left.
You knew the following spells:

 Your Spells              Type           Power        Failure   Level  Hunger
a - Sandblast             Erth           ###...       3%          1    ##.....


Dungeon Overview and Level Annotations

Branches:
Dungeon (1/27)

Altars:


Innate Abilities, Weirdness & Mutations

You are resistant to torment.
You are immune to poison.
Your stone body is very resilient (AC +5).
You have very sharp teeth.
You have razor-sharp toenails.
You resist negative energy.
You are resistant to electric shocks.
You have a slow metabolism.
You can survive without breathing.
You are immune to petrification.


Message History

You don't have enough magic to cast that spell.
Casting: Sandblast
Confirm with . or Enter, or press ? or * to list all spells.
You don't have enough magic to cast that spell.
Casting: Sandblast
Confirm with . or Enter, or press ? or * to list all spells.
You don't have enough magic to cast that spell.
You barely miss the jackal. The jackal barely misses you.
The jackal barely misses you.
You barely miss the jackal. You claw the jackal.
You kill the jackal!
You have reached level 2!
The goblin barely misses you.
You hit the goblin.
The goblin is severely wounded.
The goblin hits you but does no damage.
You closely miss the goblin.
The goblin is severely wounded.
The goblin hits you.
You die...

..##.#.......#............%..#
.....#.##.#..#.............###
#.##.#.##%#..#....##########
......h..)#..###........<#
####.#.####..#############
#.#.# #.......##
#.#.......#..h..#
...##########g#.# ... #@# #
#...# #.........# #...#
##..##.##... ... #.. .# ... .
###. ## #. .. .


You could see a jackal and a goblin.

Vanquished Creatures
  A giant cockroach (D:1)
  2 goblins (D:1)
  2 jackals (D:1)
  2 giant newts (D:1)
7 creatures vanquished.

Notes
Turn   | Place    | Note
--------------------------------------------------------------
     0 | D:1      | Rycklaryybbe, the Gargoyle Earth Elementalist, began the quest for the Orb.
     0 | D:1      | Reached XP level 1. HP: 10/10 MP: 3/3
    14 | D:1      | Noticed a polar bear
    14 | D:1      | Noticed a crocodile
    15 | D:1      | Noticed a swamp worm
    15 | D:1      | Noticed a hound
   266 | D:1      | Reached XP level 2. HP: 1/15 MP: 0/4
   268 | D:1      | Slain by a goblin

Action                   || total
-------------------------++-------
Melee: Club              ||    20
       Unarmed           ||     3
 Cast: Sandblast         ||     8
 Stab: Sleeping          ||     1
